 Dungeon Crawl Stone Soup version 0.31-a0-1161-g593ecc88b7 (webtiles) character file.

Game seed: 667548002992031292

109854 Dirtsage the Mimic (level 16, -5/136 HPs)
             Began as an Octopode Shapeshifter on Dec 8, 2023.
             Was a High Priest of the Shining One.
             Killed from afar by a merfolk aquamancer (37 damage)
             ... with a ball of steam
             ... on level 2 of the Shoals.
             The game lasted 01:22:26 (26972 turns).

Dirtsage the Mimic (Octopode Shapeshifter)         Turns: 26972, Time: 01:22:27

Health: -5/136     AC: 19    Str: 18    XL:     16   Next: 53%
Magic:  14/25      EV: 27    Int: 14    God:    the Shining One [*****.]
Gold:   2330       SH: 11    Dex: 30    Spells: 11/15 levels left

rFire   x .          .
                       - Unarmed
rCold   + . .        Y - melded +1 buckler {reflect}
rNeg    + + .        (helmet currently unavailable)
rPois   +            V - amulet of faith
rElec   .            Z - +4 ring of protection
rCorr   +            E - ring of ice
SInv    .            W - ring of wizardry
Will    +....        o - +4 ring of protection
Stlth   +            v - +6 ring of dexterity
HPRegen 0.42/turn    S - +5 ring of evasion
MPRegen 0.19/turn    C - ring of resist corrosion
                     m - +6 ring of dexterity

%: faith, wizardry (x1)
@: divinely shielded, about to teleport, snake-form, mesmerised, glowing
A: constrict, boosted hp, almost no armour, amphibious, 8 rings, large,
(camouflage 1), (gelatinous body 1), (nimble swimmer 1), (tentacles)
a: Begin Untransformation, Renounce Religion, Divine Shield, Cleansing Flame,
Summon Divine Warrior


You were on level 2 of the Shoals.
You worshipped the Shining One.
The Shining One was extremely pleased with you.
You were an enormous serpent.
You visited 4 branches of the dungeon, and saw 23 of its levels.
You also visited: Sewer and Volcano.

You collected 2421 gold pieces.
You spent 91 gold pieces at shops.

Inventory:

Armour
 Y - a +1 buckler of reflection (melded)
Jewellery
 b - a ring of protection from fire
 k - an amulet of guardian spirit
 m - a +6 ring of dexterity (on tentacle)
 o - a +4 ring of protection (on tentacle)
 v - a +6 ring of dexterity (on tentacle)
 x - a +6 ring of strength
 C - a ring of resist corrosion (on tentacle)
 E - a ring of ice (right tentacle)
 F - a ring of protection from fire
 H - a ring of flight
 L - a +6 ring of intelligence
 M - an amulet of magic regeneration
 S - a +5 ring of evasion (on tentacle)
 V - an amulet of faith (around neck)
 W - a ring of wizardry (on tentacle)
 Z - a +4 ring of protection (left tentacle)
Talismans
 N - a maw talisman
 Q - a serpent talisman (active)
Wands
 y - a wand of charming (20)
 A - a wand of flame (42)
 D - a wand of digging (14)
 O - a wand of quicksilver (10)
 P - a wand of mindburst (6)
 T - a wand of iceblast (8)
Scrolls
 c - 2 scrolls of butterflies
 e - 6 scrolls of enchant armour
 i - 7 scrolls of identify
 r - 6 scrolls of silence
 t - 4 scrolls of teleportation
 u - 2 scrolls of revelation
 w - 2 scrolls of poison
 B - 2 scrolls of blinking
 I - 2 scrolls of immolation
 K - 4 scrolls of noise
 U - 7 scrolls of fog
 X - a scroll of vulnerability
Potions
 a - 3 potions of lignification
 d - 5 potions of might
 f - a potion of cancellation
 h - 3 potions of haste
 j - 3 potions of mutation
 l - 4 potions of heal wounds
 n - 2 potions of resistance
 p - 2 potions of invisibility
 q - 6 potions of curing
 s - 4 potions of attraction
 z - 4 potions of ambrosia
 G - 4 potions of enlightenment
 J - 6 potions of brilliance
 R - 3 potions of magic


   Skills:
 + Level 12.1 Fighting
 + Level 12.3 Dodging
 - Level 1.1 Shields
 - Level 13.6 Unarmed Combat
 * Level 7.1 Translocations
 - Level 12.5 Invocations
 - Level 14.4 Shapeshifting


You had 11 spell levels left.
You knew the following spells:

 Your Spells              Type           Power      Damage    Failure   Level
a - Manifold Assault      Tloc           20%        N/A       6%          4

Your spell library contained the following spells:

 Spells                   Type           Power      Damage    Failure   Level
 Passage of Golubria      Tloc           20%        N/A       6%          4
 Freeze                   Ice            0%         1d3       12%         1
 Magic Dart               Conj           0%         1d3       12%         1
 Necrotise                Necr           0%         1d4       12%         1
 Searing Ray              Conj           0%         2d4       17%         2
 Frozen Ramparts          Ice            0%         1d1       32%         3
 Hailstorm                Conj/Ice       0%         3d5       32%         3
 Tukima's Dance           Hex            0%         N/A       32%         3
 Vampiric Draining        Necr           0%         2d6       32%         3
 Dispersal                Tloc           10%        N/A       65%         6
 Anguish                  Hex/Necr       0%         N/A       71%         4
 Cause Fear               Hex            0%         N/A       71%         4
 Fulminant Prism          Conj/Hex       0%         3d5       71%         4
 Petrify                  Tmut/Erth      0%         N/A       71%         4
 Agony                    Necr           0%         N/A       95%         5
 Metabolic Englaciation   Hex/Ice        0%         N/A       95%         5
 Yara's Violent Unravell  Hex/Tmut       0%         3d3       95%         5
 Conjure Ball Lightning   Conj/Air       0%         3x3d6     100%        6
 Enfeeble                 Hex            0%         N/A       100%        7
 Discord                  Hex            0%         N/A       100%        8
 Disjunction              Tloc           10%        N/A       100%        8


Dungeon Overview and Level Annotations

Branches:
Dungeon (15/15)            Temple (1/1) D:4            Lair (5/5) D:9
 Shoals (2/4) Lair:2        Snake (0/4) Lair:3        Slime (0/5) Lair:4
    Orc (0/2) D:9          Vaults (0/5) D:13         Depths (0/4) D:15
  Sewer (visited)         Volcano (visited)

Altars:
Ashenzari
Cheibriados
Dithmenos
Elyvilon
Fedhas
Gozag
Hepliaklqana
Kikubaaqudgha
Makhleb
Nemelex Xobeh
Okawaru
Qazlal
Ru
Sif Muna
Trog
Uskayaw
Vehumet
Wu Jian
Xom
Yredelemnul
Zin
The Shining One

Shops:
D:7 *

Annotations:
D:4 1 runed translucent door, Crazy Yiuf
D:6 2 runed translucent doors, Sphara's ghost, novice DsCK
Lair:4 Rupert
Shoals:2 Polyphemus


Innate Abilities, Weirdness & Mutations

You are an enormous serpent.
You have a powerful constriction melee attack.
Your maximum health is increased.
Your armour is entirely melded.
You are incapable of wielding weapons or throwing items.
You cannot wear most types of armour.
You are amphibious.
You can wear up to eight rings at the same time.
((Your skin changes colour to match your surroundings (Stealth+).))
((Your rubbery body absorbs attacks. (AC +1, EV +1)))
((You are camouflaged when in or above water. (Stealth+)))
((You have tentacles for arms and can constrict up to eight enemies at once.))


Message History

The merfolk avatar chants its luring song.
Casting: Manifold Assault (mildly dangerous; 6% risk of failure)
Press: ? - help, Q - select action, (/) - cycle Dir - look around, f - activate Space momentarily warps into an impossible shape!
You hit the merfolk avatar.
A merfolk siren comes into view. It is wielding a +0 spear.
You now have 17/25 mp.
As you read the scroll of teleportation, it crumbles to dust.
You feel strangely unstable.
You are engulfed in a cloud of scalding steam.
The pull of its song draws you forwards.
The merfolk avatar chants its luring song.
You block the merfolk's attack.
A merfolk siren comes into view. It is wielding a +0 spear.
The merfolk siren chants a haunting song.
You take 1 damage, and have 62/136 hp.
Casting: Manifold Assault (mildly dangerous; 6% risk of failure)
Press: ? - help, Q - select action, (/) - cycle Dir - look around, f - activate Space momentarily warps into an impossible shape!
You hit the merfolk siren.
You are engulfed in a cloud of scalding steam.
The pull of its song draws you forwards.
The merfolk avatar chants its luring song.
The merfolk siren chants a haunting song.
You resist with almost no effort. The merfolk completely misses you.
The merfolk aquamancer gestures at you while chanting.
The torrent of water hits you!
* * * LOW HITPOINT WARNING * * *
You are knocked back by the torrent of water.
Floosh!
The wave splashes down.
You hear a shout!
You take 31 damage, and have 31/136 hp.
MASSIVE DAMAGE!!
You now have 13/25 mp.
The pull of its song draws you forwards.
The merfolk siren chants a haunting song.
The merfolk avatar chants its luring song.
The pull of its song draws you forwards.
The merfolk aquamancer points at you and mumbles some strange words.
The ball of steam hits you!!! The steam scalds you terribly!
You die...

.~~~~~~~~≈≈≈≈≈≈
#~......~~~~~≈≈≈≈≈≈≈≈≈≈
#~.......t~~≈≈≈≈≈≈≈≈≈≈≈
##~~..$.....~≈≈≈≈≈≈≈≈≈≈≈
##~~~......[..~≈≈≈≈≈≈≈≈≈≈
###≈≈≈~.........~~≈≈≈≈≈≈≈≈≈
#####≈≈≈≈≈~~....m..~~~≈≈≈≈≈≈≈≈≈
..~≈≈≈≈≈≈≈~~.......~~≈≈≈≈≈≈≈≈≈≈
.~~≈≈≈≈≈≈≈≈~~.S...~~~≈§≈≈≈≈≈≈≈≈
.~~≈≈≈≈≈≈≈≈≈~~§~m~~~≈≈§≈≈≈≈≈≈≈≈
~~~≈≈≈≈≈≈≈≈≈≈~§~m~~≈≈≈§≈≈≈≈≈≈≈≈
~~≈≈≈≈≈≈≈≈≈≈≈§m≈≈≈≈≈≈≈§≈≈≈≈≈≈≈≈
~≈≈≈≈§≈≈≈≈≈≈≈§≈≈≈≈≈≈≈≈§≈≈≈≈≈≈≈≈
≈≈≈≈m≈m≈≈≈≈≈≈≈≈≈≈≈≈≈≈≈≈≈≈≈≈≈≈≈≈
≈≈≈≈≈§≈≈≈≈≈≈m≈≈≈≈≈≈≈≈≈≈≈≈≈≈≈≈≈≈
≈≈≈≈≈≈§§≈≈≈≈≈≈≈≈≈≈≈≈≈≈≈≈≈≈≈≈≈≈≈
≈≈≈≈≈≈≈≈≈≈≈≈≈≈≈≈≈≈≈≈≈≈≈≈≈≈≈≈≈≈≈


You could see a merfolk avatar (mesmerising), a merfolk aquamancer, a snapping
turtle, a merfolk and a merfolk siren (mesmerising).

Vanquished Creatures
  Kirke (Lair:3)
  A stone giant (D:15)
  A merfolk javelineer (Shoals:1)
  Josephine (D:11)
  A fire dragon (Volcano)
  Erolcha (D:10)
  2 hydras
  A vault guard (D:13)
  4 catoblepae
  An alligator snapping turtle (Shoals:1)
  4 two-headed ogres
  A merfolk avatar (Shoals:2)
  A dancing weapon (D:13)
  4 boulder beetles
  14 centaur warriors
  13 death yaks (Lair:5)
  4 tengu warriors
  3 sun demons (Volcano)
  3 skysharks
  Lodul (D:11)
  4 skeletal warriors
  3 sea snakes
  2 deep elf pyromancers
  A wolf spider (D:13)
  Pikel (D:7)
  17 manticores
  2 cyclopes
  12 fauns
  10 ugly things
  A merfolk siren (Shoals:1)
  11 elephants
  11 black mambas
  Joseph (D:9)
  A water nymph (Lair:2)
  Jeremiah (D:7)
  7 cane toads
  2 smoke demons (Volcano)
  4 gargoyles
  7 komodo dragons
  A rime drake (Lair:5)
  2 unseen horrors
  Psyche (D:8)
  Maggie (D:10)
  2 freezing wraiths
  A yaktaur (D:13)
  3 efreet (D:13)
  A tengu conjurer (D:13)
  A queen bee (shapeshifter) (D:13)
  3 meliai (D:14)
  8 merfolk
  6 trolls
  9 blink frogs
  A wind drake (Shoals:1)
  A hornet (D:11)
  A polar bear (Lair:5)
  4 snapping turtles
  A dream sheep (Lair:2)
  13 slime creatures
  A shadow (D:10)
  9 wraiths
  4 wyverns
  3 vampires
  4 water elementals
  32 yaks
  4 steam dragons
  4 vampire mosquitoes
  3 basilisks
  4 hogs (Lair:3)
  3 acid dragons
  15 water moccasins
  Duvessa (D:7)
  2 hell hounds (Volcano)
  A sky beast (shapeshifter) (D:13)
  3 ice beasts
  7 orc warriors
  A sky beast (D:8)
  A black bear (D:5)
  12 ogres
  10 wolves (Lair:2)
  14 centaurs
  2 lemures (D:7)
  2 phantoms
  3 kobold brigands
  A bullfrog (shapeshifter) (D:13)
  11 bullfrogs
  2 gnoll sergeants
  2 scorpions
  3 wights (D:6)
  Dowan (D:7)
  17 killer bees
  2 howler monkeys (D:7)
  4 electric eels
  4 hounds (D:5)
  6 jellies
  8 orc priests
  3 gnoll boudas
  A sleepcap (D:8)
  7 iguanas
  8 orc wizards
  29 gnolls
  8 adders
  4 river rats (Sewer)
  3 white imps
  2 worms
  6 dart slugs
  47 orcs
  17 ball pythons
  5 bats
  4 endoplasms
  10 giant cockroaches
  11 hobgoblins
  3 jackals (D:4)
  14 kobolds
  6 quokkas
  7 frilled lizards
  6 goblins
  30 rats
657 creatures vanquished.

Vanquished Creatures (collateral kills)
  2 merfolk impalers
  2 merfolk aquamancers (Shoals:1)
  2 sea snakes (Shoals:1)
  A faun (Shoals:1)
  A water nymph (Shoals:2)
  3 merfolk
  A snapping turtle (Shoals:2)
  7 slime creatures (D:12)
  A water elemental (Shoals:2)
  3 yaks (D:12)
  An orc wizard (D:12)
  An adder (D:6)
  2 orcs (D:12)
27 creatures vanquished.

Vanquished Creatures (others)
  A water elemental (Shoals:2)
  2 humans (Lair:3)
  A water moccasin (Lair:3)
4 creatures vanquished.

Grand Total: 688 creatures vanquished

Notes
Turn   | Place    | Note
-------+----------+-------------------------------------------
     0 | D:1      | Dirtsage the Octopode Shapeshifter began the quest for the
                  | Orb.
     0 | D:1      | Reached XP level 1. HP: 13/13 MP: 1/1
    65 | D:1      | Reached XP level 2. HP: 11/18 MP: 2/2
   190 | D:1      | Reached skill level 4 in Shapeshifting
   190 | D:1      | Reached XP level 3. HP: 23/23 MP: 3/3
   772 | D:2      | Reached XP level 4. HP: 16/28 MP: 4/4
   881 | D:2      | Noticed a scorpion
   886 | D:2      | Killed a scorpion
   887 | D:2      | Reached skill level 5 in Shapeshifting
   887 | D:2      | Reached XP level 5. HP: 33/33 MP: 5/5
   925 | D:2      | Identified the +7 spear "Igulliawk" {flame, rF+ rN+ Dex+4}
  1471 | D:3      | Reached skill level 6 in Shapeshifting
  1471 | D:3      | Reached XP level 6. HP: 38/38 MP: 6/6
  2197 | D:4      | Found a runed translucent door.
  2198 | D:4      | Noticed Crazy Yiuf
  2431 | D:4      | Found a staircase to the Ecumenical Temple.
  2457 | D:4      | Reached skill level 7 in Shapeshifting
  2476 | D:4      | Reached XP level 7. HP: 40/43 MP: 7/7
  2482 | Temple   | Entered the Ecumenical Temple
  2523 | Temple   | Became a worshipper of the Shining One
  2833 | D:5      | Entered Level 5 of the Dungeon
  3064 | D:5      | Found a glowing drain.
  3072 | Sewer    | Entered a sewer
  3434 | D:5      | Reached XP level 8. HP: 52/52 MP: 8/8
  3803 | D:5      | Reached * piety under the Shining One
  3809 | D:5      | Reached skill level 5 in Unarmed Combat
  3925 | D:5      | Found an iron altar of Okawaru.
  3925 | D:5      | Found an ornate altar of the Wu Jian Council.
  4432 | D:6      | Was placed under penance by the Shining One
  4542 | D:6      | Found a runed translucent door.
  4557 | D:6      | Found a runed translucent door.
  4558 | D:6      | Noticed Sphara's ghost (novice DsCK)
  4782 | D:6      | Reached skill level 5 in Dodging
  4782 | D:6      | Reached XP level 9. HP: 33/59 MP: 9/9
  5352 | D:7      | Reached skill level 5 in Fighting
  5403 | D:7      | Found Robryoc's General Store.
  5404 | D:7      | Found Rumneomp's Specific Store.
  5411 | D:7      | Bought a potion of heal wounds for 80 gold pieces
  5415 | D:7      | Bought a potion of degeneration for 11 gold pieces
  5429 | D:7      | Was forgiven by the Shining One
  5557 | D:7      | Noticed Pikel
  5590 | D:7      | Killed Pikel
  6196 | D:7      | Noticed Duvessa
  6196 | D:7      | Noticed Dowan
  6206 | D:7      | Killed Duvessa
  6207 | D:7      | Reached skill level 1 in Invocations
  6209 | D:7      | Killed Dowan
  6210 | D:7      | Reached skill level 8 in Shapeshifting
  6252 | D:7      | Noticed Jeremiah
  6299 | D:7      | Killed Jeremiah
  6300 | D:7      | Reached XP level 10. HP: 35/68 MP: 10/12
  6975 | D:8      | Noticed Psyche
  7213 | D:8      | Killed Psyche
  7472 | D:8      | Noticed an unseen horror
  7481 | D:8      | Killed an unseen horror
  7482 | D:8      | Reached skill level 5 in Invocations
  8610 | D:9      | Reached XP level 11. HP: 67/75 MP: 15/15
  8681 | D:9      | Noticed Joseph
  8693 | D:9      | Killed Joseph
  8694 | D:9      | Reached skill level 9 in Shapeshifting
  9151 | D:9      | Reached ** piety under the Shining One
  9173 | D:9      | Found a staircase to the Orcish Mines.
  9321 | D:9      | Found a staircase to the Lair.
  9497 | D:10     | Entered Level 10 of the Dungeon
  9649 | D:10     | Noticed a two-headed ogre
  9653 | D:10     | Killed a two-headed ogre
  9916 | D:10     | Noticed Maggie
  9924 | D:10     | Killed Maggie
 10068 | D:10     | Noticed Erolcha
 10158 | Lair:1   | Entered Level 1 of the Lair of Beasts
 11263 | Lair:2   | Noticed a skyshark
 11275 | Lair:2   | Killed a skyshark
 11276 | Lair:2   | Reached skill level 10 in Shapeshifting
 11398 | Lair:2   | Reached XP level 12. HP: 82/82 MP: 17/17
 12016 | Lair:2   | Reached skill level 10 in Unarmed Combat
 12639 | Lair:3   | Reached *** piety under the Shining One
 12647 | Lair:3   | Noticed Kirke
 12654 | Lair:3   | Reached skill level 11 in Shapeshifting
 12676 | Lair:3   | Killed Kirke
 12867 | Lair:3   | Reached XP level 13. HP: 90/90 MP: 19/19
 12982 | Lair:3   | Found a dark tunnel.
 12995 | Volcano  | Entered a volcano
 13156 | Volcano  | Noticed a fire dragon
 13166 | Volcano  | Killed a fire dragon
 13194 | Volcano  | Identified the +1 pair of boots of a Gauntlet {rF+ Dex+5}
 13357 | Lair:3   | Found a staircase to the Snake Pit.
 14027 | Lair:4   | Identified the +8 dagger of Ataizymo {speed, rPois rC+++
                  | Str-3 Dex-2}
 14123 | Lair:4   | Found a staircase to the Slime Pits.
 14669 | Lair:4   | Noticed Rupert
 15064 | Lair:5   | Entered Level 5 of the Lair of Beasts
 15487 | Lair:5   | Reached skill level 10 in Dodging
 15492 | Lair:5   | Reached skill level 12 in Shapeshifting
 15893 | Lair:5   | Reached **** piety under the Shining One
 15927 | Lair:5   | Reached skill level 10 in Fighting
 16160 | Lair:5   | Reached XP level 14. HP: 99/99 MP: 21/21
 16661 | Lair:5   | Reached skill level 10 in Invocations
 17618 | D:10     | Learned a level 4 spell: Manifold Assault
 17690 | D:10     | Killed Erolcha
 18090 | D:11     | Noticed Josephine
 18100 | D:11     | Killed Josephine
 18150 | D:11     | Noticed Lodul
 18162 | D:11     | Killed Lodul
 18163 | D:11     | Reached skill level 1 in Translocations
 19058 | D:12     | Reached ***** piety under the Shining One
 19144 | D:12     | Reached skill level 13 in Shapeshifting
 19659 | D:13     | Found a gate to the Vaults.
 19793 | D:13     | Reached XP level 15. HP: 105/105 MP: 23/23
 20483 | D:13     | The Shining One protects you from harm!
 21969 | D:14     | Reached ****** piety under the Shining One
 22805 | D:14     | Reached skill level 14 in Shapeshifting
 22954 | D:14     | Identified the +9 great sword of the Moon {flame, rPois
                  | Will- rCorr Str+4}
 23204 | D:15     | Entered Level 15 of the Dungeon
 23671 | D:15     | Found a staircase to the Depths.
 24630 | Shoals:1 | Entered Level 1 of the Shoals
 24635 | Shoals:1 | Reached skill level 1 in Shields
 24852 | Shoals:1 | Reached skill level 5 in Translocations
 24937 | Shoals:1 | Reached XP level 16. HP: 113/113 MP: 21/25
 26849 | Shoals:2 | Noticed Polyphemus
 26972 | Shoals:2 | Killed from afar by a merfolk aquamancer

Illustrated notes

Levels and vault maps discovered:
D:1:      ldierk_walled_garden_2, layout_basic, serial_bayou_ford_a,
          serial_bayou_pond_d
D:2:      layout_rooms, minmay_tall_x
D:3:      layout_rooms
D:4:      layout_loops_ring, minmay_temple_entry_wispy, uniq_crazy_yiuf_cottage
D:5:      layout_loops_corners, gammafunk_temple_overflow_wave,
          mainiacjoe_sewer_entry_somewhere_in_here_1
D:6:      layout_gridville, ebering_ghost_sewer_f, serial_glass,
          glass_columns_a, glass_columns_c, glass_columns_a, glass_columns_a,
          glass_columns_a, glass_columns_b, glass_columns_c, glass_columns_a,
          feat_on_display
D:7:      layout_loops_corners, nicolae_specific_store, lemuel_flame_loot_1,
          uniq_duvessa, uniq_pikel, uniq_jeremiah
D:8:      minmay_ornate_pinched, layout_basic, uniq_psyche
D:9:      layout_basic, david_lair_shrubbed, erik_orc_2, uniq_joseph
D:10:     layout_grid_maze, uniq_maggie, uniq_erolcha
D:11:     layout_long_grid, minmay_statues_item, dk_noncrumbling_3,
          bh_walls_and_bars, uniq_josephine, uniq_lodul
D:12:     layout_big_octagon
D:13:     minmay_box_of_statues, layout_grid_maze, erik_vaults_1,
          minmay_fractal_squares_gapless_7
D:14:     layout_grid_maze, hangedman_abyss_or_decor_stagger
D:15:     grunt_enter_depths_snipers, layout_loops_corners, minivault_4
Temple:   mainiacjoe_temple_cubbyholes
Lair:1:   layout_small_grid
Lair:2:   nzn_winding_woodlands_cross [nzn_winding_woodlands_5x15_pockets,
          nzn_winding_woodlands_5x15_garden, nzn_winding_woodlands_5x15_zeroes,
          nzn_winding_woodlands_5x15_eye, nzn_winding_woodlands_15x15_eel_pit],
          layout_loops_ring, nicolae_shoals_entry_flooding,
          dreamdust_mushroom_princess
Lair:3:   layout_gridlike, minmay_snake_entry_six_corridors, enter_volcano_2,
          grunt_megastairs_2, uniq_kirke
Lair:4:   layout_regular_city, slime_entry_2, uniq_rupert
Lair:5:   evilmike_catoblepas_cave, layout_hall_layers
Shoals:1: cheibrodos_shoals_epimethial_gifts, layout_shoals
Shoals:2: cheibrodos_shoals_gigantism, layout_shoals, uniq_polyphemus

Skill      XL: |  1  2  3  4  5  6  7  8  9 10 11 12 13 14 15 16 |
---------------+-------------------------------------------------+-----
Shapeshifting  | 4 5 6 7 8 10 11 12 13 14 | 14.4
Fighting       | 3 4 6 7 8 9 10 11 12 | 12.1
Dodging        | 3 5 6 7 8 9 10 11 12 | 12.3
Unarmed Combat | 4 6 7 9 10 12 13 | 13.6
Invocations    | 2 6 7 8 9 11 12 | 12.5
Translocations | 2 5 7 |  7.1
Shields        | 1 |  1.1

Action                     |  1- 3 |  4- 6 |  7- 9 | 10-12 | 13-15 | 16-18 || total
---------------------------+-------+-------+-------+-------+-------+-------++-------
  Melee: Unarmed           |    66 |    19 |   280 |   490 |   870 |   201 ||  1926
         Constrict         |    19 |    12 |    85 |   113 |   182 |    47 ||   458
         Tentacles         |    12 |    10 |    88 |    35 |     1 |       ||   146
         Punch             |     1 |     1 |     1 |       |       |       ||     3
         Spear             |       |    84 |     8 |       |       |       ||    92
         Maw               |       |       |       |       |     2 |       ||     2
   Cast: Manifold Assault  |       |       |       |       |     3 |    13 ||    16
 Invoke: Divine Shield     |       |       |       |     3 |     2 |     2 ||     7
         Summon Divine War |       |       |       |       |     1 |     3 ||     4
  Evoke: Wand              |       |       |     3 |    11 |     7 |       ||    21
    Use: Scroll            |       |       |     8 |    14 |     6 |     4 ||    32
         Potion            |       |       |     2 |     6 |     4 |     1 ||    13
   Stab: Sleeping          |     1 |    10 |       |       |       |       ||    11
 Armour: Skin              |    26 |    24 |    95 |   202 |   398 |    96 ||   841
  Dodge: Dodged            |    44 |    24 |   206 |   391 |   749 |   223 ||  1637
  Block: Other             |       |       |       |     3 |    21 |     9 ||    33
   Form: Flux              |       |       |     1 |       |       |       ||     1
         Serpent           |       |       |       |     1 |     1 |       ||     2
         Maw               |       |       |       |       |     1 |       ||     1

Table legend: (Time is in decaauts)
 A = Elapsed time spent in this place.
 B = Non-inter-level travel time spent in this place.
 C = Inter-level travel time spent in this place.
 D = Time resting spent in this place.
 E = Time spent auto-exploring this place.
 F = Levels seen in this place.
 G = Mean time per level.
                   A        B        C        D        E       F      G
               +--------+--------+--------+--------+--------+-----+--------+
         Total |  26573 |  25236 |   1337 |    955 |  19151 |  25 | 1062.9 |
       Dungeon |  16657 |  15753 |    904 |    524 |  12410 |  15 | 1110.5 |
        Temple |     77 |     42 |     35 |      0 |      1 |   1 |   77.0 |
          Lair |   7092 |   6713 |    379 |    161 |   5237 |   5 | 1418.4 |
        Shoals |   2121 |   2103 |     18 |    270 |   1171 |   2 | 1060.5 |
         Sewer |    345 |    345 |      0 |      0 |    208 |   1 |  345.0 |
       Volcano |    278 |    278 |      0 |      0 |    124 |   1 |  278.0 |
               +--------+--------+--------+--------+--------+-----+--------+

Top non-repeatable levels by time:
  Lair:5: 2284 daAuts
    D:13: 2217 daAuts
  Lair:2: 1721 daAuts
Shoals:1: 1702 daAuts
     D:7: 1593 daAuts
    D:14: 1485 daAuts
     D:8: 1356 daAuts
     D:9: 1326 daAuts
    D:15: 1188 daAuts
     D:5: 1156 daAuts
  Lair:4: 1150 daAuts
  Lair:3: 1059 daAuts
    D:10: 1005 daAuts
     D:6: 943 daAuts
  Lair:1: 876 daAuts
